 Dungeon Crawl Stone Soup version 0.22-a0-392-g5dc3fd9 (webtiles) character file.

92 KristoblXynda the Slasher (level 4, 0/33 HPs)
             Began as a Demonspawn Gladiator on May 1, 2018.
             Splashed by a jelly's acid (8 damage)
             ... on level 2 of the Dungeon.
             The game lasted 00:02:01 (1550 turns).

KristoblXynda the Slasher (Demonspawn Gladiator)    Turns: 1550, Time: 00:02:02

Health: 0/33       AC: -6    Str: 15    XL:     4   Next: 35%
Magic:  4/4        EV: 12    Int: 15    God:
Gold:   92         SH:  0    Dex: 14    Spells: 3/3 levels left

rFire    . . .     SeeInvis .   a - +0 long sword
rCold    . . .     Gourm    .   (no shield)
rNeg     . . .     Faith    .   g - +0 ring mail
rPois    .         Spirit   .   (helmet restricted)
rElec    .         Reflect  .   (no cloak)
rCorr    .         Harm     .   (no gloves)
MR       .....                  (no boots)
Stlth    +.........             (no amulet)
HPRegen  0.11/turn              (no ring)
MPRegen  0.09/turn              (no ring)

@: brilliant, corroded
A: horns 1, talons 1, spiny 1
a: no special abilities


You were on level 2 of the Dungeon.
You were not hungry.

You visited 1 branch of the dungeon, and saw 2 of its levels.

You collected 92 gold pieces.

Inventory:

Hand Weapons
 a - a +0 long sword (weapon)
Missiles
 d - 3 throwing nets (quivered)
Armour
 g - a +0 ring mail (worn)
Scrolls
 b - 2 scrolls of teleportation {unknown}
 h - 2 scrolls of identify {unknown}
 i - 2 scrolls of random uselessness {unknown}
 l - 2 scrolls of enchant weapon {unknown}
 m - a scroll of magic mapping {unknown}
 n - a scroll of blinking {unknown}
 q - a scroll of enchant armour {unknown}
 t - a scroll of immolation {unknown}
Potions
 c - a potion of lignification {unknown}
 e - a potion of brilliance
 j - a potion of might {unknown}
 k - a potion of degeneration {unknown}
 o - a potion of haste {unknown}
 p - a potion of heal wounds {unknown}
 s - a potion of curing {unknown}
Comestibles
 f - 4 rations


   Skills:
 - Level 2.0 Fighting
 * Level 3.8 Long Blades
 - Level 2.0 Throwing
 + Level 1.3 Armour
 + Level 3.3 Dodging


You had 3 spell levels left.
You didn't know any spells.

Dungeon Overview and Level Annotations

Branches:
Dungeon (2/15)

Altars:


Innate Abilities, Weirdness & Mutations

You have a pair of small horns on your head.
You have sharp toenails.
You are partially covered in sharp spines.


Message History

You slash the ooze!
You kill the ooze!
You hit the jelly. The acid corrodes you!
Your hands burn!
The jelly is moderately wounded.
The jelly misses you.
You riposte.
You hit the jelly but do no damage.
The jelly is moderately wounded.
The jelly is struck by your spines. The jelly barely misses you.
You hit the jelly but do no damage. The acid corrodes you!
Your hands burn!
The jelly is heavily wounded.
The jelly barely misses you.
You hit the jelly.
Your hands burn!
You claw the jelly, but do no damage.
The jelly is severely wounded.
The jelly hits you.
You are splashed with acid!
The acid burns!
You see here a stone.
It was a potion of brilliance.
You feel clever all of a sudden. The jelly hits you.
* * * LOW HITPOINT WARNING * * *
The acid corrodes you!
You are splashed with acid!
The acid burns!
You die...

####.# ########## #
..)†.# [..P.P.P.# #
....)# ....÷....#
...(.# .........#
.[...# ÷P.....P.#
.....# ..÷PJJJP.#
.....#######
÷..P.P.J.#
...........# #######'#
##########.###(.@JJJ##
#.##(########
#.###..'....#
#.######....#
#..##.......#
##.##.......#
#.##.......#
#.##.......#
#.###.))).##


You could see a jelly and 2 oozes.

Vanquished Creatures
  An adder (D:2)
  5 oozes (D:2)
  A worm (D:2)
  3 dart slugs (D:1)
  3 giant cockroaches
  A goblin (D:1)
  3 hobgoblins
  6 jackals
  14 kobolds
  A ball python (D:1)
  5 bats
  3 frilled lizards
  7 rats
53 creatures vanquished.

Vanquished Creatures (others)
  A fungus (D:2)
  13 toadstools
14 creatures vanquished.

Grand Total: 67 creatures vanquished

Notes
Turn   | Place    | Note
-------+----------+-------------------------------------------
     0 | D:1      | KristoblXynda the Demonspawn Gladiator began the quest for the Orb.
     0 | D:1      | Reached XP level 1. HP: 16/16 MP: 1/1
   517 | D:1      | Gained mutation: You have a pair of small horns on your head. [demonic ancestry]
   517 | D:1      | Reached XP level 2. HP: 22/22 MP: 2/2
  1151 | D:2      | Gained mutation: You are partially covered in sharp spines. [demonic ancestry]
  1151 | D:2      | Reached XP level 3. HP: 25/27 MP: 3/3
  1394 | D:2      | Reached skill level 1 in Armour
  1521 | D:2      | Gained mutation: You have sharp toenails. [demonic ancestry]
  1521 | D:2      | Reached XP level 4. HP: 33/33 MP: 4/4
  1550 | D:2      | Splashed by a jelly's acid

Vault maps used:
D:1:      ldierk_walled_garden
D:2:      cheibrodos_fertilizer

Skill      XL: |  1  2  3 |
---------------+----------+-----
Long Blades    | 3 |  3.8
Throwing       | 2 |  2.0
Dodging        | 3 |  3.3
Armour         | 1 |  1.3
Fighting       | |  2.0

Action                   |  1- 3 |  4- 6 || total
-------------------------+-------+-------++-------
Melee: Long sword        |    75 |     8 ||    83
       Headbutt          |    15 |     1 ||    16
       Kick              |       |     3 ||     3
  Use: Potion            |       |     1 ||     1
  Eat: Chunk             |     2 |       ||     2
Armor: Leather armour    |     7 |       ||     7
       Ring mail         |    25 |     3 ||    28
Dodge: Dodged            |    73 |     9 ||    82
       Rpst.: Long sword |    28 |     3 ||    31

Table legend:
 A = Spawn XP
 B = Non-spawn XP
 C = Spawn XP percentage of total XP
 D = Spawn monster count
 E = Non-spawn monster count
 F = Spawn count percentage of total count
 G = Total turns spent on level
                    A         B        C        D         E        F      G
               +---------+---------+-------+---------+---------+-------+---------
         Total |       0 |     132 |   0.0 |       0 |      53 |   0.0 |  1550
               +---------+---------+-------+---------+---------+-------+---------
           D:1 |       0 |      38 |   0.0 |       0 |      21 |   0.0 |  1098
           D:2 |       0 |      94 |   0.0 |       0 |      32 |   0.0 |   452
               +---------+---------+-------+---------+---------+-------+---------
